 Dungeon Crawl Stone Soup version 0.30-a0-1053-gbd8d5ba0ad (webtiles) character file.

Game seed: 1392855174130735701

14 NinjaNoafa the Firebug (level 2, 0/20 HPs)
             Began as a Demigod Fire Elementalist on Apr 11, 2023.
             Slain by a jackal (2 damage)
             ... on level 2 of the Dungeon.
             The game lasted 00:01:43 (715 turns).

NinjaNoafa the Firebug (Demigod Fire Elementalist)   Turns: 715, Time: 00:01:44

Health: 0/20       AC:  2    Str:  9    XL:     2   Next: 18%
Magic:  5/7        EV: 12    Int: 17    God:
Gold:   88         SH:  0    Dex: 14    Spells: 4/5 levels left

rFire   . . .      SeeInvis .    k - +1 dagger (speed)
rCold   . . .      Faith    .    (no shield)
rNeg    . . .      Spirit   .    a - +0 robe
rPois   .          Reflect  .    (no helmet)
rElec   .          Rampage  .    (no cloak)
rCorr   .                        (no gloves)
Will    .....                    (no boots)
Stlth   ++                       (no amulet)
HPRegen 0.23/turn                d - ring of wizardry
MPRegen 0.10/turn                (no ring)

@: no status effects
A: high MP 1, forlorn, divine attributes
a: no special abilities


You were on level 2 of the Dungeon.
You visited 1 branch of the dungeon, and saw 2 of its levels.

You collected 88 gold pieces.

Inventory:

Hand Weapons
 k - a +1 dagger of speed (weapon)
Missiles
 f - 3 javelins
Armour
 a - a +0 robe (worn)
Jewellery
 d - a ring of wizardry (left hand)
Scrolls
 c - a scroll of enchant weapon {unknown}
 e - 2 scrolls of identify {unknown}
 g - a scroll of vulnerability {unknown}
 j - a scroll of fear {unknown}
Potions
 b - a potion of magic
 h - a potion of brilliance {unknown}
 i - a potion of attraction {unknown}
 l - a potion of cancellation {unknown}


   Skills:
 - Level 1.7 Dodging
 - Level 1.7 Stealth
 + Level 2.0 Spellcasting
 + Level 1.3 Conjurations
 + Level 3.0 Fire Magic


You had 4 spell levels left.
You knew the following spells:

 Your Spells              Type           Power      Damage    Failure   Level
a - Foxfire               Conj/Fire      36%        2x1d5     3%          1

Your spell library contained the following spells:

 Spells                   Type           Power      Damage    Failure   Level
 Scorch                   Fire           24%        2d6       3%          2
 Cigotuvi's Dreadful Rot  Necr/Pois/Air  2%         N/A       12%         2
 Inner Flame              Hex/Fire       6%         N/A       12%         3
 Volatile Blastmotes      Fire/Tloc      12%        2d11      12%         3
 Ignite Poison            Fire/Tmut/Pois 5%         N/A       16%         3
 Flame Wave               Conj/Fire      9%         2d6       30%         4
 Dispel Undead            Necr           1%         3d6       56%         4
 Freezing Cloud           Conj/Ice/Air   1%         6-21      85%         5
 Death Channel            Necr           0%         N/A       100%        6


Dungeon Overview and Level Annotations

Branches:
Dungeon (2/15)


Innate Abilities, Weirdness & Mutations

You have an increased reservoir of magic. (+10% MP)
You shall have no god before yourself.
Your divine heritage dramatically boosts your attributes as you level up.


Message History

2 jackals come into view.
There are monsters nearby!
There are monsters nearby!
There are monsters nearby!
The jackal bites you. x2
You closely miss the jackal. The jackal bites you.
The jackal barks!
The jackal attacks as you move away! The jackal closely misses you.
The jackal bites you.
Casting: Foxfire (safe; 3% risk of failure)
Confirm with . or Enter, or press ? or * to list all spells.
You don't know that spell.
Casting: Foxfire (safe; 3% risk of failure)
Confirm with . or Enter, or press ? or * to list all spells.
You conjure some foxfire!
The jackal bites you.
The foxfire hits the jackal but does no damage.
The jackal bites you but does no damage.
You hit the jackal but do no damage. The jackal bites you.
* * * LOW HITPOINT WARNING * * *
Unknown command.
The jackal bites you.
* * * LOW HITPOINT WARNING * * *
The jackal misses you.
Unknown command.
You barely miss the jackal. The jackal completely misses you.
The jackal bites you.
* * * LOW HITPOINT WARNING * * *
You hit the jackal but do no damage. The jackal closely misses you. x2
Unknown command.
You completely miss the jackal. The jackal closely misses you.
You hit the jackal.
The jackal is severely wounded.
The jackal closely misses you. The jackal bites you.
* * * LOW HITPOINT WARNING * * *
Casting: Foxfire (safe; 3% risk of failure)
Confirm with . or Enter, or press ? or * to list all spells.
You conjure some foxfire!
The jackal misses you. The jackal bites you.
* * * LOW HITPOINT WARNING * * *
The jackal bites you.
You die...

############
#.......v@h#
#.########h#
#.# #.# #.# #.#
#.# #.# #.# #.#
#.# #.# #.# ..#
#.#############


You could see 2 jackals.

Vanquished Creatures
  2 endoplasms (D:1)
  2 hobgoblins
  2 kobolds
  A quokka (D:2)
  A frilled lizard (D:1)
  A goblin (D:1)
  5 rats
14 creatures vanquished.

Vanquished Creatures (others)
  28 foxfires
28 creatures vanquished.

Grand Total: 42 creatures vanquished

Notes
Turn   | Place    | Note
-------+----------+-------------------------------------------
     0 | D:1      | NinjaNoafa the Demigod Fire Elementalist began the quest
                  | for the Orb.
     0 | D:1      | Reached XP level 1. HP: 14/14 MP: 5/5
   138 | D:1      | Reached skill level 1 in Conjurations
   600 | D:2      | Reached XP level 2. HP: 20/20 MP: 4/7
   624 | D:2      | Reached skill level 3 in Fire Magic
   715 | D:2      | Slain by a jackal

Illustrated notes

Levels and vault maps discovered:
D:1:      erik_arrival_orb_chamber, layout_rooms, serial_bayou_lake_a
D:2:      layout_basic

Skill      XL: |  1  2 |
---------------+-------+-----
Conjurations   | 1 |  1.3
Spellcasting   | 2 |  2.0
Fire Magic     | 3 |  3.0
Dodging        | |  1.7
Stealth        | |  1.7

Action                     || total
---------------------------++-------
  Melee: Dagger            ||    15
   Cast: Foxfire           ||    20
 Armour: Robe              ||     4
  Dodge: Dodged            ||    18

Table legend: (Time is in decaauts)
 A = Elapsed time spent in this place.
 B = Non-inter-level travel time spent in this place.
 C = Inter-level travel time spent in this place.
 D = Time resting spent in this place.
 E = Time spent auto-exploring this place.
 F = Levels seen in this place.
 G = Mean time per level.
                   A        B        C        D        E       F      G
               +--------+--------+--------+--------+--------+-----+--------+
         Total |    737 |    647 |     90 |      0 |    524 |   2 |  368.5 |
       Dungeon |    737 |    647 |     90 |      0 |    524 |   2 |  368.5 |
               +--------+--------+--------+--------+--------+-----+--------+

Top non-repeatable levels by time:
     D:1: 596 daAuts
     D:2: 140 daAuts
